 Dungeon Sprint DCSS version 0.22-a0-135-g6f012ad (webtiles) character file.

32 Faca the Skirmisher (level 3, 0/26 HPs)
             Began as a Gargoyle Gladiator on Jan 31, 2018.
             Slain by a sky beast (3 damage)
             ... in the Dungeon (Sprint IX: "|||||||||||||||||||||||||||||").
             The game lasted 00:00:27 (86 turns).

Faca the Skirmisher (Gargoyle Gladiator)              Turns: 86, Time: 00:00:27

Health: 0/26       AC:  7    Str: 17    XL:     3   Next: 27%
Magic:  3/3        EV: 12    Int:  8    God:
Gold:   0          SH:  0    Dex: 12    Spells: 2/2 levels left

rFire    . . .     SeeInvis .   a - +0 rapier
rCold    . . .     Gourm    .   (no shield)
rNeg     + . .     Faith    .   b - +0 leather armour
rPois    ∞         Spirit   .   c - +0 helmet
rElec    +         Reflect  .   (no cloak)
rCorr    .         Harm     .   (no gloves)
MR       .....     NoTele   +   (no boots)
Stlth    +++.......             (no amulet)
HPRegen  0.08/turn              (no ring)
MPRegen  0.08/turn              (no ring)

@: no status effects
A: negative energy resistance 1, electricity resistance, unbreathing,
petrification resistance, rot immunity, AC +3
a: no special abilities


You were in the Dungeon.
You were not hungry.

You visited 1 branch

Inventory:

Hand Weapons
 a - a +0 rapier (weapon)
Missiles
 d - 3 throwing nets (quivered)
Armour
 b - a +0 leather armour (worn)
 c - a +0 helmet (worn)
Scrolls
 k - a scroll of blinking
Potions
 e - a potion of curing
 g - a potion of heal wounds
 h - a potion of haste
 i - 2 potions of magic
 j - a potion of berserk rage
Comestibles
 f - a ration


   Skills:
 + Level 5.2 Fighting
 - Level 2.6 Short Blades
 - Level 1.7 Throwing
 - Level 2.4 Dodging
 + Level 5.0 Stealth


You had 2 spell levels left.
You didn't know any spells.

Dungeon Overview and Level Annotations

Branches:
Dungeon (1/1)

Altars:


Innate Abilities, Weirdness & Mutations

You are resistant to torment.
Your stone body is resilient. (AC +3)
You are immune to poison.
You resist negative energy. (rN+)
You are resistant to electric shocks. (rElec)
You can survive without breathing.
You are immune to petrification.
You are immune to rotting.


Message History

The sky beast hits you.
* * * LOW HITPOINT WARNING * * *
The sky beast shocks you. You resist.
* * * LOW HITPOINT WARNING * * *
You hit the orc wizard.
The orc wizard is almost dead.
The orc wizard casts a spell.
The orc wizard seems to speed up.
The sky beast hits you but does no damage.
You hit the orc wizard.
You kill the orc wizard!
Your Fighting skill gained 2 levels and is now at level 5!
Your Stealth skill gained 3 levels and is now at level 5!
You have reached level 2!
You have reached level 3!
Your experience leads to an increase in your attributes!
Increase (S)trength, (I)ntelligence, or (D)exterity?
You feel agile. The sky beast hits you.
You die...

▓.▓
▓.▓
▓.▓
▓†▓
▓)▓
▓.▓
▓.▓
▓)▓
▓@▓
▓Y▓
▓l▓
▓5▓
▓s▓
▓.▓
▓.▓
▓+▓


You could see a sky beast, a shadow imp, a leopard gecko and a giant cockroach.

Vanquished Creatures
  An orc wizard (D)
  A giant cockroach (D)
  A hobgoblin (D)
  2 bats (D)
  A kobold (D)
6 creatures vanquished.

Vanquished Creatures (others)
  A spatial maelstrom (D)
1 creature vanquished.

Grand Total: 7 creatures vanquished

Notes
Turn   | Place    | Note
-------+----------+-------------------------------------------
     0 | D        | Faca the Gargoyle Gladiator began the quest for the Orb.
     0 | D        | Reached XP level 1. HP: 12/12 MP: 1/1
     1 | D        | Banished a spatial maelstrom
     8 | D        | Reached skill level 1 in Stealth
    76 | D        | Noticed an orc wizard
    76 | D        | Noticed a sky beast
    86 | D        | Killed an orc wizard
    86 | D        | Reached skill level 5 in Fighting
    86 | D        | Reached skill level 5 in Stealth
    86 | D        | Reached XP level 2. HP: 2/21 MP: 2/2
    86 | D        | Reached XP level 3. HP: 2/26 MP: 3/3
    86 | D        | Slain by a sky beast

Vault maps used:
D:        linesprint

Skill      XL: |  1 |
---------------+----+-----
Stealth        | 5 |  5.0
Fighting       | 5 |  5.2
Short Blades   | |  2.6
Throwing       | |  1.7
Dodging        | |  2.4

Action                   || total
-------------------------++-------
Melee: Rapier            ||    29
Armor: Leather armour    ||    15
Dodge: Dodged            ||    17

Table legend:
 A = Spawn XP
 B = Non-spawn XP
 C = Spawn XP percentage of total XP
 D = Spawn monster count
 E = Non-spawn monster count
 F = Spawn count percentage of total count
 G = Total turns spent on level
                    A         B        C        D         E        F      G
               +---------+---------+-------+---------+---------+-------+---------
         Total |       0 |      47 |   0.0 |       0 |       6 |   0.0 |    86
               +---------+---------+-------+---------+---------+-------+---------
             D |       0 |      47 |   0.0 |       0 |       6 |   0.0 |    86
               +---------+---------+-------+---------+---------+-------+---------
